 Dungeon Crawl Stone Soup version 0.31-a0-435-g2c6fae2916 (webtiles) character file.

Game seed: 17266004521602984575

2243 floatRand the Cleaver (level 9, -2/62 (64) HPs)
             Began as a Formicid Fighter on Aug 1, 2023.
             Slain by a wight
             ... wielding a +4 flail
              (8 damage)
             ... on level 7 of the Dungeon.
             The game lasted 00:07:55 (5268 turns).

floatRand the Cleaver (Formicid Fighter)            Turns: 5268, Time: 00:07:56

HP:   -2/62 (64)    AC: 10    Str: 31    XL:     9   Next: 63%
MP:   9/9           EV: 10    Int:  8    God:
Gold: 381           SH:  5    Dex: 13    Spells: 8/8 levels left

rFire   . . .        k - +2 battleaxe (elec)
rCold   + + .        c - +0 buckler
rNeg    . . .        p - +4 ring mail "Eproxega" {+Inv rC++}
rPois   +            (helmet unavailable)
rElec   .            (no cloak)
rCorr   .            m - +0 pair of gloves
SInv    +            (no boots)
Will    .....        e - amulet of regeneration
Stlth   +            s - ring of poison resistance
HPRegen 1.10/turn    v - +6 ring of strength
MPRegen 0.11/turn

%: no passive effects
@: lightly drained
A: permanent stasis, dig shafts and tunnels, antennae 3, four strong arms
a: Dig, Shaft Self, Evoke Invisibility


You were on level 7 of the Dungeon.
You visited 2 branches of the dungeon, and saw 8 of its levels.
You also visited: Ossuary.

You collected 381 gold pieces.

Inventory:

Hand Weapons
 a - a +0 war axe
 k - a +2 battleaxe of electrocution (weapon)
Missiles
 t - 3 poisoned darts
Armour
 c - a +0 buckler (worn)
 m - a +0 pair of gloves (worn)
 p - the +4 ring mail "Eproxega" (worn) {+Inv rC++}
   (You found it on level 6 of the Dungeon)

   rC:        It greatly protects you from cold.
   +Inv:      It lets you turn invisible.
 A - the +1 leather armour of the Moneychanger {rElec rPois Str+5 Dex+2}
   (You found it in an ossuary)

   Str:       It affects your strength (+5).
   Dex:       It affects your dexterity (+2).
   rElec:     It insulates you from electricity.
   rPois:     It protects you from poison.
Jewellery
 b - an amulet of reflection
 e - an amulet of regeneration (around neck)
 f - an amulet of faith
 s - a ring of poison resistance (left hand)
 v - a +6 ring of strength (right hand)
 E - a ring of protection from cold
Wands
 r - a wand of acid (8)
 B - a wand of roots (9)
 D - a wand of polymorph (6)
 F - a wand of charming (7)
Scrolls
 u - 2 scrolls of amnesia
 y - a scroll of immolation
Potions
 d - 4 potions of might
 g - a potion of ambrosia
 h - 2 potions of heal wounds
 i - a potion of brilliance
 j - 5 potions of curing
 l - a potion of cancellation
 n - 4 potions of enlightenment
 o - a potion of berserk rage
 q - 4 potions of resistance
 w - a potion of attraction {unknown}
 x - 2 potions of lignification {unknown}
 z - a potion of magic {unknown}
 C - a potion of mutation


   Skills:
 - Level 3.2 Fighting
 + Level 12.3 Axes
 - Level 3.2 Armour
 - Level 4.0 Shields


You had 8 spell levels left.
You didn't know any spells.
Your spell library contained the following spells:

 Spells                   Type           Power      Damage    Failure   Level
 Gell's Gravitas          Tloc           0%         N/A       91%         3
 Inner Flame              Hex/Fire       0%         N/A       91%         3
 Portal Projectile        Hex/Tloc       0%         N/A       91%         3
 Teleport Other           Tloc           0%         N/A       91%         3
 Tukima's Dance           Hex            0%         N/A       91%         3
 Flame Wave               Conj/Fire      0%         2d4       100%        4
 Iskenderun's Mystic Bla  Conj/Tloc      0%         2d3       100%        4
 Sticky Flame             Conj/Fire      0%         2d3       100%        4
 Dispersal                Tloc           0%         N/A       100%        6
 Chain Lightning          Conj/Air       0%         N/A       100%        9
 Fire Storm               Conj/Fire      0%         5d1       100%        9
 Shatter                  Erth           0%         3d5*      100%        9


Dungeon Overview and Level Annotations

Branches:
Dungeon (7/15)             Temple (1/1) D:5         Ossuary (visited)

Altars:
Ashenzari
Cheibriados
Dithmenos
Fedhas
Hepliaklqana
Kikubaaqudgha
Makhleb
Nemelex Xobeh
Okawaru
Ru
Sif Muna
Trog
Vehumet
Wu Jian
Xom
Yredelemnul
Zin

Annotations:
D:5 4 runed translucent doors


Innate Abilities, Weirdness & Mutations

You cannot be hasted, slowed, berserked, paralysed or teleported.
You can dig through walls and to a lower floor.
You have a pair of large antennae on your head. (SInv)
Your four strong arms can wield two-handed weapons with a shield.


Message History

You barely miss the wight. You slash the centaur!
You block the centaur's attack.
The centaur kicks you but does no damage.
The wight hits you from afar with a +4 trident!
You feel drained.
The wight hits you with a +1 dagger of freezing.
The centaur hits you.
The centaur kicks you but does no damage.
You hit the centaur.
The centaur is almost dead.
You slash the wight! The centaur barely misses you. x2
The wight closely misses you.
Unknown command.
Unknown command.
You slash the centaur!
You kill the centaur!
You slash the wight!
You destroy the wight!
The wight hits you from afar with a +4 trident!
You feel drained.
You are too injured to fight recklessly!
Unknown command.
You slash the wight!
The wight is severely damaged.
The wight hits you from afar with a +4 trident!
* * * LOW HITPOINT WARNING * * *
The wight hits you with a +4 flail.
* * * LOW HITPOINT WARNING * * *
Unknown command.
Unknown command.
You completely miss the wight.
The wight is severely damaged.
The wight hits you but does no damage. x2
Unknown command.
You barely miss the wight.
The wight is severely damaged.
The wight hits you from afar with a +4 trident!
* * * LOW HITPOINT WARNING * * *
The wight hits you with a +4 flail!
You die...

.......## ##.........
........### ##..........
<.........###†...>......
.............##.........
............###.........
.†.........## #.........
...........# #..z......
...).......# #.).......
...........# #.@z......
...........# #.........
#..........# ##........
#........### ####....#
##.......# #####
##...##.# ##### .# .#


You could see 2 wights.

Vanquished Creatures
  Grinder (D:6)
  An acid dragon (D:5)
  2 water moccasins
  2 black bears (D:5)
  2 orc warriors
  3 centaurs
  2 bullfrogs (D:7)
  2 water moccasin zombies (Ossuary)
  A scorpion (D:5)
  A wight (D:7)
  6 jellies
  3 hounds (D:5)
  An orc priest (D:4)
  3 iguanas
  A sleepcap (D:4)
  2 orc wizards (D:4)
  2 mummies (Ossuary)
  3 gnolls (D:5)
  11 adders
  A shadow imp (D:5)
  A white imp (D:5)
  2 ufetubi
  5 adder zombies (Ossuary)
  A dart slug (D:1)
  14 orcs
  7 ball pythons
  4 bats (D:1)
  11 endoplasms
  2 gnoll zombies (Ossuary)
  11 goblins
  14 hobgoblins
  2 jackals (D:4)
  4 quokkas
  4 frilled lizards (D:1)
  A hobgoblin zombie (Ossuary)
  4 kobolds
  3 kobold zombies (Ossuary)
  6 orc zombies (Ossuary)
  7 rats
153 creatures vanquished.

Notes
Turn   | Place    | Note
-------+----------+-------------------------------------------
     0 | D:1      | floatRand the Formicid Fighter began the quest for the Orb.
     0 | D:1      | Reached XP level 1. HP: 18/18 MP: 1/1
   112 | D:1      | Reached XP level 2. HP: 24/24 MP: 2/2
   131 | D:1      | Reached skill level 3 in Axes
   250 | D:1      | Reached XP level 3. HP: 29/29 MP: 3/3
   990 | D:2      | Reached skill level 4 in Axes
   990 | D:2      | Reached XP level 4. HP: 29/35 MP: 4/4
  1917 | D:3      | Found a faded altar of an unknown god.
  1964 | D:3      | Reached XP level 5. HP: 41/41 MP: 5/5
  2141 | D:3      | Reached skill level 5 in Axes
  2143 | D:3      | Found a broken altar of Ashenzari.
  2583 | D:4      | Found a blossoming altar of Fedhas.
  3161 | D:4      | Reached XP level 6. HP: 47/47 MP: 6/6
  3186 | D:4      | Reached skill level 6 in Axes
  3457 | D:5      | Entered Level 5 of the Dungeon
  3462 | D:5      | Reached XP level 7. HP: 45/52 MP: 7/7
  3462 | D:5      | Noticed a water moccasin
  3488 | D:5      | Killed a water moccasin
  3489 | D:5      | Reached skill level 7 in Axes
  3505 | D:5      | Found a radiant altar of Vehumet.
  3563 | D:5      | Found a staircase to the Ecumenical Temple.
  3574 | Temple   | Entered the Ecumenical Temple
  3761 | D:5      | Found a large runed translucent door.
  3761 | D:5      | Noticed a steam dragon
  3762 | D:5      | Found a large runed translucent door.
  3763 | D:5      | Noticed a yak
  3776 | D:5      | Reached skill level 8 in Axes
  3779 | D:5      | Found a sand-covered staircase.
  3805 | Ossuary  | Entered an ossuary
  3873 | Ossuary  | Reached XP level 8. HP: 53/58 MP: 8/8
  3935 | Ossuary  | Identified the +1 leather armour of the Moneychanger {rElec
                  | rPois Str+5 Dex+2}
  3976 | D:5      | Found a large runed translucent door.
  3976 | D:5      | Found a large runed translucent door.
  3997 | D:5      | Reached skill level 9 in Axes
  4388 | D:5      | Reached skill level 10 in Axes
  4422 | D:5      | Identified the +0 short sword "Cicvex" {pain, rCorr Int+3
                  | Dex+2}
  4552 | D:5      | Reached XP level 9. HP: 60/64 MP: 9/9
  4710 | D:6      | Identified the +4 ring mail "Eproxega" {+Inv rC++}
  4838 | D:6      | Reached skill level 11 in Axes
  4917 | D:6      | Noticed Grinder
  4931 | D:6      | Killed Grinder
  5252 | D:7      | Reached skill level 12 in Axes
  5268 | D:7      | Slain by a wight

Illustrated notes

Levels and vault maps discovered:
D:1:      shiori_shiawase, layout_basic
D:2:      layout_basic, serial_bayou, serial_bayou_pond_b,
          serial_bayou_crossing, serial_bayou_pond_e, serial_bayou_pond_b,
          st_stairs_13, serial_park_tiny_2, grunt_decor_arrowhead
D:3:      layout_rooms, lemuel_round_altar, dreamdust_ecumenical_altar_grove,
          minmay_misc_feat_encased
D:4:      layout_cave_pods, fedhas_altar_3, minmay_joined_circles
D:5:      layout_loops_ring, nicolae_vehumet_altar_sigil,
          minmay_temple_entry_slanted, nicolae_ossuary_entry_ruins,
          kennysheep_pointless_box, minmay_hollow_rounded_squares
D:6:      layout_rooms, bh_walls_and_bars, uniq_grinder
D:7:      layout_cave_pods, kennysheep_little_box
Temple:   nicolae_temple_bog_church

Skill      XL: |  1  2  3  4  5  6  7  8  9 |
---------------+----------------------------+-----
Axes           | 3 4 5 6 8 10 12 | 12.3
Fighting       | |  3.2
Armour         | |  3.2
Shields        | |  4.0

Action                     |  1- 3 |  4- 6 |  7- 9 || total
---------------------------+-------+-------+-------++-------
  Melee: War axe           |    94 |   195 |   117 ||   406
         Battleaxe         |       |       |    88 ||    88
    Use: Scroll            |       |    10 |     7 ||    17
         Potion            |       |     2 |     1 ||     3
   Stab: Distracted        |       |       |     2 ||     2
 Armour: Scale mail        |    32 |       |       ||    32
         Chain mail        |    21 |   107 |    81 ||   209
         Ring mail         |       |       |    29 ||    29
  Dodge: Dodged            |    44 |    82 |   103 ||   229
  Block: Buckler           |    35 |    47 |    57 ||   139

Table legend: (Time is in decaauts)
 A = Elapsed time spent in this place.
 B = Non-inter-level travel time spent in this place.
 C = Inter-level travel time spent in this place.
 D = Time resting spent in this place.
 E = Time spent auto-exploring this place.
 F = Levels seen in this place.
 G = Mean time per level.
                   A        B        C        D        E       F      G
               +--------+--------+--------+--------+--------+-----+--------+
         Total |   5386 |   5271 |    115 |    628 |   2803 |   9 |  598.4 |
       Dungeon |   5220 |   5105 |    115 |    628 |   2802 |   7 |  745.7 |
        Temple |     19 |     19 |      0 |      0 |      0 |   1 |   19.0 |
       Ossuary |    146 |    146 |      0 |      0 |      1 |   1 |  146.0 |
               +--------+--------+--------+--------+--------+-----+--------+

Top non-repeatable levels by time:
     D:5: 1086 daAuts
     D:2: 1035 daAuts
     D:4: 971 daAuts
     D:3: 788 daAuts
     D:1: 751 daAuts
     D:6: 525 daAuts
 Ossuary: 146 daAuts
     D:7: 61 daAuts
  Temple: 19 daAuts
